 Dungeon Crawl Stone Soup version 0.27.0-1-g7a089689b8 (webtiles) character file.

Game seed: 3138061229093529417

2669 Spaninq the Cudgeller (level 9, -1/56 HPs)
             Began as a Gargoyle Air Elementalist on Aug 8, 2021.
             Was a Plaything of Xom.
             Slain by an orc warrior (8 damage)
             ... on level 8 of the Dungeon.
             The game lasted 00:22:17 (11110 turns).

Spaninq the Cudgeller (Gargoyle Air Elementalist)  Turns: 11110, Time: 00:22:18

Health: -1/56      AC: 27    Str: 16    XL:     9   Next: 63%
Magic:  12/12      EV:  5    Int: 15    God:    Xom [..*...]
Gold:   1554       SH:  0    Dex: 12    Spells: 12/12 levels left

rFire    . . .     SeeInvis +   r - +1 whip (venom)
rCold    . . .     Faith    .   (no shield)
rNeg     + . .     Spirit   .   d - +0 plate armour
rPois    ∞         Reflect  .   q - +0 helmet
rElec    +         Harm     .   f - +1 cloak
rCorr    +         Rampage  .   a - +0 pair of gloves
Will     .....                  i - +0 pair of boots
Stlth    ..........             (no amulet)
HPRegen  0.18/turn              s - ring of see invisible
MPRegen  0.13/turn              l - ring of resist corrosion

@: no status effects
A: sickness immunity, AC +6, negative energy resistance 1, electricity
resistance, torment resistance 1, petrification resistance, iridescent scales 1,
thin skeletal structure 1, noise suppression
a: Renounce Religion


You were on level 8 of the Dungeon.
You worshipped Xom.
You were a toy of Xom.
You visited 2 branches of the dungeon, and saw 9 of its levels.

You collected 1554 gold pieces.

Inventory:

Hand Weapons
 n - a +1 mace
 r - a +1 whip of venom (weapon)
Armour
 a - a +0 pair of gloves (worn)
 b - a +0 kite shield
 d - a +0 plate armour (worn)
 f - a +1 cloak (worn)
 i - a +0 pair of boots (worn)
 q - a +0 helmet (worn)
 w - a +0 tower shield
Jewellery
 l - a ring of resist corrosion (right hand)
 s - a ring of see invisible (left hand)
Wands
 c - a wand of iceblast (8)
 e - a wand of mindburst (10)
 m - a wand of acid (6)
 y - a wand of paralysis (8)
 A - a wand of digging (6)
Scrolls
 k - 2 scrolls of enchant weapon
 o - 2 scrolls of blinking
 t - 3 scrolls of identify
 u - a scroll of fog
 v - 2 scrolls of fear
 z - 2 scrolls of enchant armour
 B - 2 scrolls of teleportation
Potions
 g - 2 potions of mutation
 h - a potion of haste
 j - a potion of brilliance
 p - a potion of curing
 x - a potion of flight


   Skills:
 + Level 6.3 Fighting
 * Level 7.9 Maces & Flails
 + Level 6.1 Armour
 - Level 1.5 Dodging
 - Level 2.1 Stealth
 + Level 6.1 Shields
 - Level 2.0 Spellcasting
 - Level 1.1 Conjurations
 - Level 2.4 Air Magic


You had 12 spell levels left.
You didn't know any spells.
Your spell library contained the following spells:

 Spells                   Type           Power      Damage    Failure   Level
 Magic Dart               Conj           16%        1d3       99%         1
 Shock                    Conj/Air       24%        1d4       99%         1
 Searing Ray              Conj           8%         3d3       100%        2
 Static Discharge         Conj/Air       6%         N/A       100%        2
 Swiftness                Air            8%         N/A       100%        3
 Airstrike                Air            4%         N/A       100%        4
 Fulminant Prism          Conj/Hex       1%         3d6       100%        4
 Fireball                 Conj/Fire      1%         3d3       100%        5
 Iskenderun's Battlesphe  Conj           4%         2d6       100%        5
 Conjure Ball Lightning   Conj/Air       3%         3x3d6     100%        6
 Orb of Destruction       Conj           2%         9d1       100%        7


Dungeon Overview and Level Annotations

Branches:
Dungeon (8/15)             Temple (1/1) D:4
   Lair: D:8-11

Altars:
Cheibriados
Dithmenos
Elyvilon
Fedhas
Gozag
Hepliaklqana
Makhleb
Nemelex Xobeh
Okawaru
Qazlal
Ru
Sif Muna
Uskayaw
Vehumet
Wu Jian
Xom
Yredelemnul
Zin
The Shining One
Beogh

Annotations:
D:5 3 runed translucent doors, shadowrider38's ghost, novice MiBe


Innate Abilities, Weirdness & Mutations

You are immune to sickness and miasma.
Your stone body is resilient. (AC +6)
You are immune to poison.
You resist negative energy. (rN+)
You are resistant to electric shocks. (rElec)
You are resistant to unholy torment.
You are immune to petrification.
You are partially covered in iridescent scales. (AC +2)
You have a somewhat thin skeletal structure. (Dex +2, Stealth+)
You passively dampen the noise of your surroundings.


Message History

You hit the orc wizard but do no damage.
The orc wizard is poisoned.
The orc priest mumbles some strange prayers to Beogh against you.
Beogh smites you!
* * * LOW HITPOINT WARNING * * *
The orc warrior hits you but does no damage.
The orc wizard points at you and mumbles some strange words.
The puff of flame hits you but does no damage.
Items here: ( ) [ †.
Items here: ( ) [ †.
Xom's power touches on your mind for a moment.
You are confused.
The orc wizard looks rather confused.
There is an escape hatch in the floor here.
The orc priest calls down the wrath of Beogh upon you.
Pain shoots through your body!
* * * LOW HITPOINT WARNING * * *
You kill the orc wizard!
The orc warrior hits you but does no damage.
The orc priest miscasts a cantrip.
There is an escape hatch in the floor here.
You bump into the rock wall.
The orc warrior hits you from afar with a +0 trident.
* * * LOW HITPOINT WARNING * * *
You bump into the rock wall.
You feel less confused.
The orc warrior hits you but does no damage.
Aiming: Corrosive Bolt
Press: ? - help, Shift-Dir - straight line, f - orc priest
Aim: an orc priest, wielding a +0 club and wearing a +0 ring mail (75% to hit)
The bolt of acid hits the orc priest!
The orc priest is splashed with acid!
The acid corrodes the orc priest!
You kill the orc priest!
The orc warrior hits you from afar with a +0 trident.
* * * LOW HITPOINT WARNING * * *
Found a +0 robe.
There is a stone staircase leading up here.
The orc warrior hits you from afar with a +0 trident!
You die...
Xom laughs nastily!

#.#.....#####.#####
#.#.....# #.# #.......#
###'## ##......# #[...#
#......# #....#####
##.###.###........#
#................#
#######......o.[......#
....# #......go.@.....#
....####.#..).........#
.......#..........#####
....##.##))...#####
..[.##..))>....#
....######....## ....#
#....# ....# #....#
....# #....#


You could see an orc warrior, a gnoll and an orc.

Vanquished Creatures
  A hornet (D:8)
  2 wyverns
  A water moccasin (D:7)
  A black bear (D:6)
  2 orc warriors
  A necrophage (D:7)
  An ogre (D:4)
  A phantom (D:6)
  A kobold brigand (D:6)
  2 scorpions
  A water moccasin zombie (D:7)
  A water moccasin skeleton (D:7)
  5 killer bees (D:7)
  3 hounds
  5 jellies (D:6)
  A bullfrog skeleton (D:7)
  4 orc priests
  A centaur skeleton (D:4)
  2 gnoll shamans (D:8)
  Jessica (D:3)
  2 iguanas
  3 orc wizards
  2 killer bee zombies (D:7)
  A hound skeleton (D:5)
  10 gnolls
  10 adders
  A shadow imp (D:7)
  An ufetubus (D:5)
  2 worms (D:2)
  A dart slug (D:3)
  19 orcs
  7 bats
  13 endoplasms
  3 giant cockroaches
  8 hobgoblins
  14 jackals
  12 kobolds
  6 quokkas
  9 ball pythons
  4 frilled lizards
  5 goblins
  7 rats
177 creatures vanquished.

Vanquished Creatures (collateral kills)
  A howler monkey zombie (D:7)
1 creature vanquished.

Vanquished Creatures (others)
  A phantom (D:5)
  A gnoll shaman (D:6)
  A gnoll (D:6)
  3 fungi (D:6)
  40 plants (D:5)
  8 toadstools (D:6)
54 creatures vanquished.

Grand Total: 232 creatures vanquished

Notes
Turn   | Place    | Note
-------+----------+-------------------------------------------
     0 | D:1      | Spaninq the Gargoyle Air Elementalist began the quest for
                  | the Orb.
     0 | D:1      | Reached XP level 1. HP: 10/10 MP: 3/3
   270 | D:1      | Reached skill level 1 in Fighting
   350 | D:1      | Reached XP level 2. HP: 16/16 MP: 5/5
  1373 | D:1      | Reached skill level 1 in Shields
  1439 | D:1      | Reached skill level 1 in Armour
  1703 | D:1      | Reached XP level 3. HP: 20/21 MP: 6/6
  2006 | D:2      | Reached skill level 1 in Maces & Flails
  2078 | D:2      | Reached XP level 4. HP: 24/26 MP: 7/7
  2895 | D:3      | Reached skill level 2 in Maces & Flails
  2897 | D:3      | Reached XP level 5. HP: 20/31 MP: 8/8
  3049 | D:3      | Noticed Jessica
  3064 | D:3      | Killed Jessica
  3470 | D:3      | Noticed a +0 dagger
  3470 | D:3      | Noticed a +0 hand axe
  3471 | D:3      | Found a hide-covered altar of Uskayaw.
  3800 | D:3      | Found a faded altar of an unknown god.
  3813 | D:3      | Became a worshipper of Xom of Chaos
  3870 | D:4      | XOM: stealth player
  3997 | D:4      | XOM: noise
  4009 | D:4      | Found a staircase to the Ecumenical Temple.
  4020 | D:4      | XOM: divination: detect creatures
  4059 | Temple   | Entered the Ecumenical Temple
  4110 | Temple   | XOM: noise
  4174 | D:4      | XOM: silly message
  4228 | D:4      | Reached XP level 6. HP: 32/37 MP: 9/9
  4322 | D:4      | Reached skill level 3 in Maces & Flails
  4405 | D:4      | XOM: god gift: 22 gold pieces
  4606 | D:4      | XOM: god gift: 43 gold pieces
  4633 | D:4      | Found a shadowy altar of Dithmenos.
  4692 | D:4      | Identified a scroll of acquirement
  4692 | D:4      | Acquired 917 gold pieces
  4839 | D:4      | XOM: silly message
  5033 | D:4      | XOM: potion effect (might)
  5037 | D:4      | XOM: scenery: create altars
  5162 | D:5      | Entered Level 5 of the Dungeon
  5165 | D:5      | Noticed a water moccasin
  5168 | D:5      | XOM: summons 2 friendly demons
  5169 | D:5      | XOM: summons friendly iron imp
  5171 | D:5      | XOM: 3-stop teleportation journey
  5180 | D:5      | Found a hazy altar of Hepliaklqana.
  5221 | D:5      | XOM: snakes to sticks
  5494 | D:5      | Noticed a wyvern
  5506 | D:5      | Killed a wyvern
  5507 | D:5      | Reached skill level 4 in Maces & Flails
  5507 | D:5      | Reached XP level 7. HP: 19/42 MP: 10/10
  5674 | D:5      | XOM: god gift: wand of acid (7)
  5787 | D:5      | XOM: cloud trail
  5808 | D:5      | XOM: give mutations
  5808 | D:5      | Gained mutation: You are partially covered in iridescent
                  | scales. (AC +2) [Xom's grace]
  5808 | D:5      | Gained mutation: You have a somewhat thin skeletal
                  | structure. (Dex +2, Stealth+) [Xom's grace]
  5808 | D:5      | Gained mutation: You passively dampen the noise of your
                  | surroundings. [Xom's grace]
  5842 | D:5      | Found a shimmering altar of Xom.
  5851 | D:5      | XOM: divine lightning
  5894 | D:5      | XOM: cleaving
  5908 | D:5      | Found a runed translucent gate.
  5909 | D:5      | Found a runed translucent gate.
  5910 | D:5      | Found a runed translucent gate.
  5911 | D:5      | Noticed shadowrider38's ghost (novice MiBe)
  5913 | D:5      | Identified the +0 scale mail of Diki Yma {rF+ rCorr Dex-5
                  | SInv}
  6128 | D:5      | Found a sacrificial altar of Ru.
  6140 | D:5      | XOM: cast spell 'Olgreb's Toxic Radiance'
  6153 | D:5      | XOM: scenery: 1 doors open
  6288 | D:5      | Found a shimmering blue altar of Sif Muna.
  6475 | D:5      | XOM: god gift: scroll of blinking
  6658 | D:6      | XOM: polymorph centaur -> giant cockroach
  6711 | D:6      | XOM: enchant monster (good)
  6832 | D:6      | XOM is BORED!
  6832 | D:6      | XOM: summons 4 hostile demons
  6833 | D:6      | Noticed a neqoxec
  7021 | D:6      | XOM: cast spell 'Necromutation'
  7269 | D:6      | XOM: divine lightning
  7270 | D:6      | Reached skill level 5 in Maces & Flails
  7270 | D:6      | Reached XP level 8. HP: 40/48 MP: 11/11
  7333 | D:6      | XOM: cloud trail
  7420 | D:6      | XOM: confuse monster(s)
  7421 | D:6      | XOM: potion effect (might)
  7423 | D:6      | XOM: summons 5 friendly demons
  7569 | D:6      | XOM: cloud trail
  7657 | D:6      | XOM: scenery: summon butterflies
  7669 | D:6      | Noticed a slime creature
  7669 | D:6      | Noticed a slime creature
  7669 | D:6      | Noticed a slime creature
  7685 | D:6      | XOM: scenery: create altars
  7686 | D:6      | XOM: divination: detect creatures
  7688 | D:6      | XOM: divination: detect items
  7690 | D:6      | XOM: scenery: 1 doors close
  7721 | D:6      | Noticed a goliath frog
  7721 | D:6      | a slime creature changed into a goliath frog
  7721 | D:6      | XOM: polymorph slime creature -> goliath frog
  7746 | D:6      | XOM: divination: magic mapping
  7822 | D:5      | XOM: cloud trail
  7985 | D:6      | XOM: noise
  8039 | D:6      | XOM: cloud trail
  8151 | D:6      | XOM: draining
  8569 | D:7      | XOM: summons friendly quasit
  8712 | D:6      | Reached skill level 5 in Fighting
  8712 | D:6      | Reached skill level 6 in Maces & Flails
  9151 | D:7      | XOM: god gift: iron wand {god gift}
  9285 | D:7      | Reached skill level 5 in Shields
  9288 | D:7      | Reached skill level 5 in Armour
  9347 | D:7      | Reached XP level 9. HP: 37/54 MP: 12/12
  9359 | D:7      | XOM: scenery: 1 doors close
  9466 | D:7      | Found a blossoming altar of Fedhas.
  9488 | D:7      | XOM: 3-stop teleportation journey
  9523 | D:7      | Reached skill level 7 in Maces & Flails
  9702 | D:7      | Found a sparkling altar of Nemelex Xobeh.
  9746 | D:7      | XOM: summons 1 hostile demon
  9953 | D:7      | Found a snail-covered altar of Cheibriados.
  9997 | D:7      | XOM: summons friendly crimson imp
 10028 | D:7      | XOM: noise
 10168 | D:7      | XOM: summons 1 hostile demon
 10395 | D:8      | Noticed a hornet
 10813 | D:8      | XOM: polymorph gnoll -> endoplasm
 10815 | D:8      | XOM: chaos cloud
 10825 | D:8      | XOM: smoke on damage
 10827 | D:8      | Killed a hornet
 11079 | D:8      | XOM: confusion (+ monsters)
 11110 | D:8      | Slain by an orc warrior

Illustrated notes

Levels and vault maps discovered:
D:1:      heliophobic_arrival_ceremonial_halls, layout_loops_ring
D:2:      layout_loops_ring
D:3:      layout_rooms, dancing_weapons_uskayaw,
          hellmonk_ecumenical_altar_prayer_group, uniq_jessica
D:4:      layout_basic, amcnicky_altar_gilded, minmay_temple_entry_statues,
          minivault_25
D:5:      layout_basic, led_sif_pool, marbit_many_paths,
          mainiacjoe_overflow_catch_the_wave, biasface_ghost_orc_armoury
D:6:      cheibrodos_fertilizer, layout_basic, minmay_misc_feat_hallway,
          kennysheep_dice
D:7:      layout_basic, fedhas_altar_3, lemuel_coloured_pillars_altar,
          mainiacjoe_overflow_catwalk
D:8:      layout_basic, grunt_temple_overflow_diamond
Temple:   compressed_dpeg_circular_temple

Skill      XL: |  1  2  3  4  5  6  7  8  9 |
---------------+----------------------------+-----
Fighting       | 1 2 3 4 5 6 |  6.3
Shields        | 1 2 3 4 5 6 |  6.1
Armour         | 1 2 3 4 5 6 |  6.1
Maces & Flails | 1 2 4 5 6 7 |  7.9
Dodging        | |  1.5
Stealth        | |  2.1
Spellcasting   | |  2.0
Conjurations   | |  1.1
Air Magic      | |  2.4

Action                   |  1- 3 |  4- 6 |  7- 9 || total
-------------------------+-------+-------+-------++-------
Melee: Dagger            |   101 |   290 |    67 ||   458
       Unarmed           |     1 |       |       ||     1
       Mace              |       |     3 |    11 ||    14
       Whip              |       |       |   473 ||   473
 Cast: Shock             |    10 |       |       ||    10
Evoke: Wand              |       |       |     1 ||     1
  Use: Scroll            |       |    10 |     7 ||    17
 Stab: Sleeping          |     2 |       |       ||     2
       Paralysed         |       |       |     3 ||     3
       Invisible         |       |       |     5 ||     5
Armor: Robe              |     1 |       |       ||     1
       Plate armour      |    63 |   283 |   453 ||   799
Dodge: Dodged            |    13 |    56 |   130 ||   199
